 Dungeon Crawl Stone Soup version 0.27.1-2-g3b301248ec (webtiles) character file.

Game seed: 13868700123741546096

126 Rickety the Stinger (level 5, -2/27 (33) HPs)
             Began as a Gnoll Venom Mage on Sept 24, 2021.
             Slain by a necrophage (4 damage)
             ... on level 3 of the Dungeon.
             The game lasted 00:07:28 (4414 turns).

Rickety the Stinger (Gnoll Venom Mage)              Turns: 4414, Time: 00:07:29

HP:   -2/27 (33)    AC:  3    Str:  3 (5)  XL:     5   Next: 10%
MP:   12/12         EV: 13    Int: 15 (17) God:
Gold: 153           SH:  0    Dex: 12 (13) Spells: 8/14 levels left

rFire    + + .     SeeInvis .   m - staff of air
rCold    + . .     Faith    .   (no shield)
rNeg     . . .     Spirit   .   a - +0 robe
rPois    +         Reflect  .   (no helmet)
rElec    +         Harm     .   (no cloak)
rCorr    +         Rampage  .   (no gloves)
Will     .....                  n - +0 pair of boots
Stlth    +++.......             (no amulet)
HPRegen  0.09/turn              k - ring of protection from fire
MPRegen  0.13/turn              (no ring)

@: resistant, flying, heavily drained
A: fangs 1, strong nose, distributed training, clever 1, frail 1, weak 1
a: no special abilities


You were on level 3 of the Dungeon.
You visited 1 branch of the dungeon, and saw 4 of its levels.

You collected 153 gold pieces.

Inventory:

Hand Weapons
 d - a +0 short sword
 i - a +0 flail
Armour
 a - a +0 robe (worn)
 n - a +0 pair of boots (worn)
Magical Staves
 m - a staff of air (weapon)
Jewellery
 k - a ring of protection from fire (left hand)
Scrolls
 b - a scroll of identify {unknown}
 j - a scroll of vulnerability {unknown}
 l - a scroll of teleportation {unknown}
Potions
 f - a potion of degeneration
 h - a potion of mutation


   Skills:
 + Level 1.3 Fighting
 + Level 1.3 Short Blades
 + Level 1.3 Long Blades
 + Level 1.3 Axes
 + Level 1.3 Maces & Flails
 + Level 1.3 Polearms
 + Level 1.3 Staves
 + Level 1.3 Slings
 + Level 1.3 Bows
 + Level 1.3 Crossbows
 + Level 1.3 Throwing
 + Level 1.3 Armour
 + Level 4.7 Dodging
 + Level 4.3 Stealth
 + Level 1.3 Shields
 + Level 1.3 Unarmed Combat
 + Level 5.1 Spellcasting
 + Level 1.1 Conjurations
 + Level 1.1 Hexes
 + Level 1.1 Summonings
 + Level 1.1 Necromancy
 + Level 1.1 Translocations
 + Level 2.3 Transmutations
 + Level 1.1 Fire Magic
 + Level 1.1 Ice Magic
 + Level 1.1 Air Magic
 + Level 1.1 Earth Magic
 + Level 5.5 Poison Magic
 + Level 1.5 Invocations
 + Level 1.3 Evocations


You had 8 spell levels left.
You knew the following spells:

 Your Spells              Type           Power      Damage    Failure   Level
a - Sting                 Tmut/Pois      60%        1d6       3%          1
m - Mephitic Cloud        Conj/Pois/Air  17%        N/A       17%         3
v - Poisonous Vapours     Pois/Air       40%        N/A       6%          2

Your spell library contained the following spells:

 Spells                   Type           Power      Damage    Failure   Level
 Olgreb's Toxic Radiance  Pois           20%        N/A       17%         4


Dungeon Overview and Level Annotations

Branches:
Dungeon (4/15)
 Temple: D:4-7

Altars:
Vehumet

Annotations:
D:3 Ijyb
D:4 1 runed translucent door


Innate Abilities, Weirdness & Mutations

You have very sharp teeth.
Your uncanny sense of smell can sniff out nearby items.
Your experience applies equally to all skills.
Your mind is acute. (Int +2)
You are frail. (-10% HP)
You are weak. (Str -2)


Message History

The necrophage is electrocuted.
You bite the necrophage, but do no damage.
The necrophage is severely damaged.
The necrophage closely misses you.
You barely miss the necrophage.
The necrophage is severely damaged.
The necrophage hits you.
* * * LOW HITPOINT WARNING * * *
It was a potion of degeneration.
There was something very wrong with that liquid.
You feel weakened.
You feel dopey.
You feel clumsy.
The necrophage hits you but does no damage.
It was a potion of mutation.
You feel extremely strange.
You feel weaker.
You feel frail.
You feel clever. The necrophage closely misses you.
It was a potion of resistance.
You feel protected. The necrophage hits you.
* * * LOW HITPOINT WARNING * * *
You feel drained.
It was a potion of magic.
Magic courses through your body.
The necrophage hits you but does no damage.
It was a potion of flight.
You feel very buoyant.
You fly up into the air.
The necrophage hits you.
* * * LOW HITPOINT WARNING * * *
You feel drained.
You barely miss the necrophage.
The necrophage is severely damaged.
The necrophage closely misses you.
You barely miss the necrophage. Your bite misses the necrophage.
The necrophage is severely damaged.
The necrophage misses you.
You hit the necrophage.
The necrophage is severely damaged.
The necrophage closely misses you.
You hit the necrophage but do no damage.
The necrophage is severely damaged.
The necrophage hits you.
You die...

.. ## .###.#.#.## ... ##.
..##.#.#.#.# #..#..
..##.#.###.#.
.....######.##.#.##.##.#
#........##.#.##.#.##.
#.......##.#.##.#.#)##
#....#.gw.##.#.##.#.#.#.#
###. ###n##.#.##.#.##..#.
.g #@#.#.##.#.##(.#.# ##
#..#.##.#.##..#.##
#...##.#.##.#..##.
##.##.#.##.#.)##.#
###.#.##.#..##.#.
#.#.##.#.#.#.#
##.#.##.#.#.##
##.#.##.#.##. ##†#.##
##.#


You could see a necrophage, Ijyb and a worm.

Vanquished Creatures
  Terence (D:2)
  A gnoll (D:3)
  2 adders (D:3)
  2 worms
  2 dart slugs
  An orc (D:3)
  4 bats (D:1)
  7 endoplasms
  3 giant cockroaches
  10 hobgoblins
  3 jackals (D:1)
  6 kobolds
  4 quokkas
  5 ball pythons (D:1)
  3 frilled lizards
  3 goblins
  A rat (D:2)
58 creatures vanquished.

Notes
Turn   | Place    | Note
-------+----------+-------------------------------------------
     0 | D:1      | Rickety the Gnoll Venom Mage began the quest for the Orb.
     0 | D:1      | Reached XP level 1. HP: 13/13 MP: 6/6
   375 | D:1      | Reached XP level 2. HP: 19/19 MP: 3/7
   424 | D:1      | Learned a level 2 spell: Poisonous Vapours
  1444 | D:1      | Reached XP level 3. HP: 25/25 MP: 1/9
  1448 | D:1      | Learned a level 3 spell: Mephitic Cloud
  1610 | D:1      | Reached skill level 5 in Spellcasting
  2307 | D:2      | Reached skill level 1 in Invocations
  2552 | D:2      | Found a faded altar of an unknown god.
  2729 | D:2      | Found a radiant altar of Vehumet.
  2970 | D:2      | Reached skill level 1 in Fighting
  2970 | D:2      | Reached skill level 1 in Short Blades
  2970 | D:2      | Reached skill level 1 in Long Blades
  2970 | D:2      | Reached skill level 1 in Axes
  2970 | D:2      | Reached skill level 1 in Maces & Flails
  2970 | D:2      | Reached skill level 1 in Polearms
  2970 | D:2      | Reached skill level 1 in Staves
  2970 | D:2      | Reached skill level 1 in Slings
  2970 | D:2      | Reached skill level 1 in Bows
  2970 | D:2      | Reached skill level 1 in Crossbows
  2970 | D:2      | Reached skill level 1 in Throwing
  2970 | D:2      | Reached skill level 1 in Armour
  2970 | D:2      | Reached skill level 1 in Shields
  2970 | D:2      | Reached skill level 1 in Unarmed Combat
  2970 | D:2      | Reached skill level 1 in Evocations
  3096 | D:2      | You fall into a shaft and drop 2 floors!
  3096 | D:4      | Found a runed translucent gate.
  3207 | D:2      | Noticed Terence
  3224 | D:2      | Killed Terence
  3225 | D:2      | Reached XP level 4. HP: 28/32 MP: 3/11
  3539 | D:2      | Reached skill level 1 in Conjurations
  3539 | D:2      | Reached skill level 1 in Hexes
  3539 | D:2      | Reached skill level 1 in Summonings
  3539 | D:2      | Reached skill level 1 in Necromancy
  3539 | D:2      | Reached skill level 1 in Translocations
  3539 | D:2      | Reached skill level 1 in Fire Magic
  3539 | D:2      | Reached skill level 1 in Ice Magic
  3539 | D:2      | Reached skill level 1 in Air Magic
  3539 | D:2      | Reached skill level 1 in Earth Magic
  4239 | D:3      | Reached XP level 5. HP: 37/37 MP: 7/12
  4371 | D:3      | Noticed Ijyb
  4374 | D:3      | Noticed a necrophage
  4407 | D:3      | Gained mutation: You are weak. (Str -2) [potion of
                  | mutation]
  4407 | D:3      | Gained mutation: You are frail. (-10% HP) [potion of
                  | mutation]
  4407 | D:3      | Gained mutation: Your mind is acute. (Int +2) [potion of
                  | mutation]
  4410 | D:3      | HP: 1/28 [necrophage (1)]
  4414 | D:3      | Slain by a necrophage

Illustrated notes

Levels and vault maps discovered:
D:1:      lightli_arrival_chessboard, layout_loops_corners
D:2:      layout_basic, basic_ecumenical_altar, basic_altar,
          minmay_goblin_kobold_house, uniq_terence
D:3:      minmay_inner_zag, layout_loops_cross, uniq_robin, uniq_ijyb
D:4:      layout_gridville, mainiacjoe_overflow_six_doors_small,
          gammafunk_ghost_cemetery, kennysheep_diamond

Skill      XL: |  1  2  3  4 |
---------------+-------------+-----
Transmutations | 2 |  2.3
Spellcasting   | 5 |  5.1
Invocations    | 1 |  1.5
Fighting       | 1 |  1.3
Short Blades   | 1 |  1.3
Long Blades    | 1 |  1.3
Axes           | 1 |  1.3
Maces & Flails | 1 |  1.3
Polearms       | 1 |  1.3
Staves         | 1 |  1.3
Slings         | 1 |  1.3
Bows           | 1 |  1.3
Crossbows      | 1 |  1.3
Throwing       | 1 |  1.3
Armour         | 1 |  1.3
Shields        | 1 |  1.3
Unarmed Combat | 1 |  1.3
Evocations     | 1 |  1.3
Conjurations   | 1 |  1.1
Hexes          | 1 |  1.1
Summonings     | 1 |  1.1
Necromancy     | 1 |  1.1
Translocations | 1 |  1.1
Fire Magic     | 1 |  1.1
Ice Magic      | 1 |  1.1
Air Magic      | 1 |  1.1
Earth Magic    | 1 |  1.1
Dodging        | |  4.7
Stealth        | |  4.3
Poison Magic   | |  5.5

Action                   |  1- 3 |  4- 6 || total
-------------------------+-------+-------++-------
Melee: Unarmed           |     2 |       ||     2
       Short sword       |    37 |       ||    37
       Bite              |     1 |     2 ||     3
       Flail             |       |    14 ||    14
       Staff             |       |    29 ||    29
 Cast: Sting             |    54 |     8 ||    62
       Poisonous Vapours |    35 |    24 ||    59
       Mephitic Cloud    |     1 |     1 ||     2
  Use: Potion            |       |     5 ||     5
 Stab: Sleeping          |     2 |     1 ||     3
Armor: Robe              |     5 |    11 ||    16
Dodge: Dodged            |    28 |    39 ||    67
